 Dungeon Crawl Stone Soup version 0.24.0-35-gdb84b6a5db (webtiles) character file.

Game seed: 2436135389322967213, levelgen mode: deterministic

263 Iamsoldier the Charmwright (level 6, 0/50 HPs)
             Began as a Gnoll Skald on Nov 20, 2019.
             Killed from afar by an orc wizard (5 damage)
             ... with a magic dart
             ... on level 4 of the Dungeon.
             The game lasted 00:07:26 (3207 turns).

Iamsoldier the Charmwright (Gnoll Skald)            Turns: 3207, Time: 00:07:28

Health: 0/50       AC:  6    Str: 13    XL:     6   Next: 19%
Magic:  9/13       EV: 14    Int: 17    God:
Gold:   178        SH:  0    Dex: 15    Spells: 6/15 levels left

rFire    . . .     SeeInvis .   a - +0 spear
rCold    . . .     Gourm    .   (no shield)
rNeg     . . .     Faith    .   k - +0 leather armour
rPois    .         Spirit   .   g - +1 helmet
rElec    .         Reflect  .   u - +0 cloak
rCorr    .         Harm     .   (no gloves)
MR       .....                  (no boots)
Stlth    ++........             (no amulet)
HPRegen  0.16/turn              (no ring)
MPRegen  0.13/turn              (no ring)

@: very slightly contaminated
A: distributed training, fangs 1, strong nose
a: no special abilities


You were on level 4 of the Dungeon.
You were hungry.

You visited 1 branch of the dungeon, and saw 4 of its levels.

You collected 178 gold pieces.

Inventory:

Hand Weapons
 a - a +0 spear (weapon)
 b - a +2 mace of draining
 v - a +2 quarterstaff of chaos
Missiles
 e - a throwing net
 h - 8 silver boomerangs (quivered)
Armour
 g - a +1 helmet (worn)
 k - a +0 leather armour (worn)
 u - a +0 cloak (worn)
Scrolls
 c - 8 scrolls of identify
 i - 3 scrolls of remove curse
 m - a scroll of enchant weapon {unknown}
 p - a scroll of fear {unknown}
 r - a scroll of noise {unknown}
 w - 2 scrolls of teleportation {unknown}
Potions
 f - a potion of haste {unknown}
 n - a potion of flight {unknown}
 o - 2 potions of heal wounds {unknown}
 q - a potion of brilliance {unknown}
 s - a potion of agility {unknown}
 t - a potion of degeneration {unknown}
Comestibles
 d - 6 rations


   Skills:
 + Level 4.9 Fighting
 + Level 1.8 Short Blades
 + Level 1.8 Long Blades
 + Level 1.8 Axes
 + Level 1.8 Maces & Flails
 + Level 4.9 Polearms
 + Level 1.8 Staves
 + Level 1.8 Slings
 + Level 1.8 Bows
 + Level 1.8 Crossbows
 + Level 1.8 Throwing
 + Level 3.1 Armour
 + Level 4.9 Dodging
 + Level 1.8 Stealth
 + Level 1.8 Shields
 + Level 1.8 Unarmed Combat
 + Level 5.3 Spellcasting
 + Level 1.4 Conjurations
 + Level 1.4 Hexes
 + Level 5.6 Charms
 + Level 1.4 Summonings
 + Level 1.4 Necromancy
 + Level 1.4 Translocations
 + Level 1.4 Transmutations
 + Level 1.4 Fire Magic
 + Level 1.4 Ice Magic
 + Level 1.4 Air Magic
 + Level 1.4 Earth Magic
 + Level 1.4 Poison Magic
 + Level 2.0 Invocations
 + Level 1.8 Evocations


You had 6 spell levels left.
You knew the following spells:

 Your Spells              Type           Power        Failure   Level  Hunger
a - Infusion              Chrm           ###.         1%          1    None
b - Shroud of Golubria    Chrm/Tloc      ###...       6%          2    #......
c - Spectral Weapon       Hex/Chrm       ###.....     12%         3    ##.....
d - Regeneration          Chrm/Necr      ###.......   12%         3    ##.....

Your spell library contained the following spells:

 Spells                   Type           Power        Failure   Level  Hunger
 Song of Slaying          Chrm           ###.....     2%          2    #......


Dungeon Overview and Level Annotations

Branches:
Dungeon (4/15)
 Temple: D:4-7

Altars:
Fedhas
Makhleb
Qazlal
Ru
Vehumet


Innate Abilities, Weirdness & Mutations

Your experience applies equally to all skills.
You have very sharp teeth.
Your uncanny sense of smell can sniff out nearby items.


Message History

The orc priest barely misses you.
As you read the scroll labeled ZETURPH JIUF, it crumbles to dust.
It is a scroll of amnesia.
Really abort (and waste the scroll)?
Okay, then.
The orc shouts!
The orc wizard hits you with a +0 dagger.
* * * LOW HITPOINT WARNING * * *
The orc hits you but does no damage. The jackal completely misses you.
The orc wizard barely misses you. The orc priest misses you.
The orc barely misses you. The dart slug completely misses you.
As you read the scroll labeled VIUTZE JAGUM, it crumbles to dust.
It is a scroll of enchant armour.
Your +0 helmet glows green for a moment.
The jackal bites you.
* * * LOW HITPOINT WARNING * * *
The orc hits you but does no damage. The orc wizard casts a spell at you.
The magic dart hits you.
You die...

..# ..# ..# ###
..# # #
#.##.##.#
#.####+#oh.....#
#.....h@oh.....#
#.....wooo#.....
#......oZ..##..#
#.....#.......#
..
#.#.(.#.####.o#
. .. #####.# o.#
. ..# ..o# ∆ ∆
..## ..... ...
....


You could see 2 orc priests, 2 orc wizards, a dart slug, 5 orcs, 3 jackals and
an adder skeleton.

Vanquished Creatures
  An ogre (D:3)
  A howler monkey (D:4)
  Crazy Yiuf (D:3)
  3 adders (D:3)
  2 dart slugs
  4 leopard geckos
  4 orcs
  13 bats
  3 giant cockroaches
  6 goblins
  9 hobgoblins
  6 kobolds
  A quokka (D:3)
  4 frilled lizards
  9 rats
67 creatures vanquished.

Notes
Turn   | Place    | Note
-------+----------+-------------------------------------------
     0 | D:1      | Iamsoldier the Gnoll Skald began the quest for the Orb.
     0 | D:1      | Reached XP level 1. HP: 20/20 MP: 6/6
    33 | D:1      | Reached XP level 2. HP: 26/26 MP: 0/7
   799 | D:1      | Learned a level 2 spell: Shroud of Golubria
   981 | D:1      | Reached XP level 3. HP: 25/31 MP: 9/9
  1264 | D:1      | Learned a level 3 spell: Spectral Weapon
  1268 | D:1      | Learned a level 3 spell: Regeneration
  1289 | D:2      | Found a burning altar of Makhleb.
  1304 | D:2      | Reached skill level 5 in Spellcasting
  1400 | D:2      | Found a stormy altar of Qazlal.
  1401 | D:2      | Found a radiant altar of Vehumet.
  1652 | D:2      | Reached skill level 1 in Invocations
  1995 | D:3      | Reached skill level 1 in Short Blades
  1995 | D:3      | Reached skill level 1 in Long Blades
  1995 | D:3      | Reached skill level 1 in Axes
  1995 | D:3      | Reached skill level 1 in Maces & Flails
  1995 | D:3      | Reached skill level 1 in Staves
  1995 | D:3      | Reached skill level 1 in Slings
  1995 | D:3      | Reached skill level 1 in Bows
  1995 | D:3      | Reached skill level 1 in Crossbows
  1995 | D:3      | Reached skill level 1 in Throwing
  1995 | D:3      | Reached skill level 1 in Stealth
  1995 | D:3      | Reached skill level 1 in Shields
  1995 | D:3      | Reached skill level 1 in Unarmed Combat
  1995 | D:3      | Reached skill level 1 in Evocations
  2012 | D:3      | Reached XP level 4. HP: 24/38 MP: 0/11
  2196 | D:3      | Noticed an ogre
  2216 | D:3      | Killed an ogre
  2216 | D:3      | Reached skill level 1 in Conjurations
  2216 | D:3      | Reached skill level 1 in Hexes
  2216 | D:3      | Reached skill level 1 in Summonings
  2216 | D:3      | Reached skill level 1 in Necromancy
  2216 | D:3      | Reached skill level 1 in Translocations
  2216 | D:3      | Reached skill level 1 in Transmutations
  2216 | D:3      | Reached skill level 1 in Fire Magic
  2216 | D:3      | Reached skill level 1 in Ice Magic
  2216 | D:3      | Reached skill level 1 in Air Magic
  2216 | D:3      | Reached skill level 1 in Earth Magic
  2216 | D:3      | Reached skill level 1 in Poison Magic
  2216 | D:3      | Reached XP level 5. HP: 32/43 MP: 4/12
  2556 | D:3      | Found a sacrificial altar of Ru.
  2556 | D:3      | Found a blossoming altar of Fedhas.
  2733 | D:3      | Found a runed translucent door.
  2734 | D:3      | Noticed Crazy Yiuf
  2746 | D:3      | Killed Crazy Yiuf
  3189 | D:4      | Reached XP level 6. HP: 48/50 MP: 10/13
  3207 | D:4      | Killed from afar by an orc wizard

Levels and vault maps discovered:
D:1:      ebering_hopf_link, layout_basic
D:2:      layout_basic, overflow_temple_1_default, old_standard_altar,
          grunt_qazlal_clouds, chequers_serial_rivers_micro_b
D:3:      layout_basic, gammafunk_temple_overflow_wave, uniq_crazy_yiuf_cottage
D:4:      layout_basic, lemuel_round_altar, minmay_temple_entry_wispy,
          serial_shops, kennysheep_mini_moat, ebering_ghost_sewer_d,
          kennysheep_slug_shrine

Skill      XL: |  1  2  3  4  5 |
---------------+----------------+-----
Spellcasting   | 5 |  5.3
Invocations    | 1 2 |  2.0
Short Blades   | 1 |  1.8
Long Blades    | 1 |  1.8
Axes           | 1 |  1.8
Maces & Flails | 1 |  1.8
Staves         | 1 |  1.8
Slings         | 1 |  1.8
Bows           | 1 |  1.8
Crossbows      | 1 |  1.8
Throwing       | 1 |  1.8
Stealth        | 1 |  1.8
Shields        | 1 |  1.8
Unarmed Combat | 1 |  1.8
Evocations     | 1 |  1.8
Conjurations   | 1 |  1.4
Hexes          | 1 |  1.4
Summonings     | 1 |  1.4
Necromancy     | 1 |  1.4
Translocations | 1 |  1.4
Transmutations | 1 |  1.4
Fire Magic     | 1 |  1.4
Ice Magic      | 1 |  1.4
Air Magic      | 1 |  1.4
Earth Magic    | 1 |  1.4
Poison Magic   | 1 |  1.4
Armour         | 3 |  3.1
Fighting       | |  4.9
Polearms       | |  4.9
Dodging        | |  4.9
Charms         | |  5.6

Action                   |  1- 3 |  4- 6 || total
-------------------------+-------+-------++-------
Melee: Spear             |   135 |    82 ||   217
       Bite              |     9 |     8 ||    17
       Mace              |     2 |       ||     2
 Cast: Infusion          |    10 |     4 ||    14
       Spectral Weapon   |     1 |     4 ||     5
       Regeneration      |       |     2 ||     2
       Shroud of Golubri |       |     2 ||     2
  Use: Scroll            |       |     3 ||     3
 Stab: Sleeping          |     2 |     2 ||     4
       Distracted        |       |     2 ||     2
  Eat: Chunk             |     3 |     4 ||     7
Armor: Leather armour    |    19 |    24 ||    43
Dodge: Dodged            |    64 |    76 ||   140
